AoeStats
← Dougladhnn

Arena

504501754Analyzed
4v4 RM · 28d ago on Sep 5, 2026· 12m 33s· 8 players
Game mode
Random Map
Map size
Large (8 player)
Population
200
Speed
Normal
Resources
Standard
Victory
Conquest
Starting age
Dark Age
Ending age
Imperial Age
RankedLock teamsTeams togetherTeam positionsShared explorationLock speedFull tech treeHidden civsTurbo modeCheats
Victory
Defeat
🇻🇳 Malians · Vietnam
865
+13
🇨🇳 Poles · China
863
+13
🇧🇷 Khmer · Brazil
787
+16
🇦🇷 Persians · Argentina
779
+18
🇩🇪 Teutons · Germany
843
-17
🇫🇷 Britons · France
808
-15
🇨🇳 Chinese · China
790
-15
🇧🇷 Aztecs · Brazil
760
-13
BBC Enjoyer
11:25 Feudal Age
Paladin from Stormwind
12:19 Feudal Age
10:38 Loom
Dougladhnn
金牌嘴炮选手
0:35 Loom
20072007
11:26 Feudal Age
11:29 Loom
M22
4:19 Loom
妍芸
10:19 Feudal Age
11:07 Double-Bit Axe
11:07 Horse Collar
toilet gaming
7:30 Loom
9:53 Feudal Age
Connection lost

Rejoining the realm…

Still unreachable

The connection could not be restored.

Session expired

The server has moved on; the page needs a fresh start.